 Dungeon Crawl Stone Soup version 0.18.1-8-gdd0e5ea (webtiles) character file.

5840 Nimbul the Inventor (level 11, -1/68 (69) HPs)
             Began as a Kobold Artificer on May 27, 2016.
             Was a Priest of Pakellas.
             Shot with an arrow by a centaur (10 damage)
             ... on level 8 of the Dungeon on May 28, 2016.
             The game lasted 01:20:00 (8716 turns).

Nimbul the Inventor (Kobold Artificer)              Turns: 8716, Time: 01:20:01

HP:   -1/68 (69)    AC:  7    Str: 11    XL:     11   Next: 7%
MP:   9/18          EV: 17    Int: 10    God:    Pakellas [***...]
Gold: 322           SH:  0    Dex: 21    Spells: 0 memorised, 10 levels left

rFire  . . .     SeeInvis .     a - +0 rapier (elec)
rCold  . . .     Gourm    .     b - +1 leather armour
rNeg   . . .     Faith    .     (shield restricted)
rPois  .         Spirit   .     v - +1 helmet
rElec  .         Dismiss  .     N - +0 cloak
rCorr  +         Reflect  .     (no gloves)
SustAt .         Harm     .     (no boots)
MR     +....                    (no amulet)
Stlth  +++++.....               y - ring of protection from magic
                                u - ring of resist corrosion

@: somewhat resistant to hostile enchantments, quite stealthy
A: agile 1, carnivore 3
a: Quick Charge, Device Surge, Renounce Religion


You were on level 8 of the Dungeon.
You worshipped Pakellas.
Pakellas was most pleased with you.
You were very full.

You visited 2 branches of the dungeon, and saw 9 of its levels.

You collected 322 gold pieces.

Inventory:

Hand Weapons
 a - a +0 rapier of electrocution (weapon)
 d - a +1 dagger of draining
 h - a +0 short sword
 j - a +0 hand axe of flaming
 q - a +0 greatsling
 s - a +2 hunting sling
 t - a +4 club
 D - a cursed +3 dagger
 H - a +1 hand axe of draining
 I - a +3 falchion
Missiles
 i - 57 poisoned needles
 n - 44 sling bullets
 x - 2 needles of sleeping
 A - 326 stones (quivered)
 L - 2 exploding tomahawks
Armour
 b - a +1 leather armour (worn)
 v - a +1 helmet (worn)
 N - a +0 cloak (worn)
Jewellery
 o - an uncursed ring of see invisible
 u - a ring of resist corrosion (left hand)
 y - a ring of protection from magic (right hand)
Wands
 e - a wand of enslavement (11/24)
 f - a wand of flame (2/48)
 r - a wand of random effects (5/48)
 w - a wand of slowing (46/48)
 B - a wand of polymorph (12/24)
 C - a wand of disintegration (12/24)
 F - a wand of iceblast (10/15)
 O - a wand of polymorph (9/24)
 Q - a wand of flame (28/48)
 R - a wand of disintegration (10/24)
 S - a wand of acid (5/15)
Scrolls
 g - a scroll of fog
 k - a scroll of identify
 l - a scroll of teleportation
 J - a scroll of blinking
 M - a scroll of remove curse
Potions
 m - a potion of curing
 z - 2 potions of brilliance
 E - a potion of flight
 K - a potion of agility
Miscellaneous
 G - a sack of spiders {used: 1}
Comestibles
 c - 5 meat rations
 p - a beef jerky


   Skills:
 * Level 8.7 Fighting
 + Level 9.4 Short Blades
 - Level 7.0 Slings
 + Level 4.2 Dodging
 - Level 8.4 Stealth
 * Level 10.0 Evocations


You had 10 spell levels left.
You didn't know any spells.

Dungeon Overview and Level Annotations

Branches:
Dungeon (8/15)             Temple (1/1) D:4
   Lair: D:8-11

Altars:
Ashenzari
Cheibriados
Dithmenos
Elyvilon
Fedhas
Gozag
Kikubaaqudgha
Makhleb
Nemelex Xobeh
Okawaru
Pakellas
Qazlal
Ru
Sif Muna
Trog
Vehumet
Xom
Yredelemnul
Zin
The Shining One

Shops:
D:7 %


Innate Abilities, Weirdness & Mutations

You are small and have problems with some larger weapons.
You are carnivorous and can eat meat at any time.
You are agile. (Dex +2)


Message History

Press: ? - help, Shift-Dir - straight line, f/p - Maurice
Aim: Maurice, wielding a short sword and wearing a cloak (heavily wounded, chance to defeat MR: 86%) Maurice is blasted.
This wand has 1 charge left.
Evoke which item? (* to show all) (? for menu, Esc to quit)
Zapping:
P - a wand of disintegration (1/24)
Press: ? - help, Shift-Dir - straight line, f/p - Maurice
Aim: Maurice, wielding a short sword and wearing a cloak (severely wounded, chance to defeat MR: 86%) Maurice is blasted.
You blow up Maurice!
Pakellas accepts your kill.
You feel your power returning.
Your Evocations skill increases to level 10!
This wand has 0 charges left.
You hear a shout!
Drop what? 45/52 slots (_ for help) (? for menu, Esc to quit)
You drop a wand of disintegration (0/24).
The centaur wields a shortbow of flaming.
It bursts into flame!
The centaur shoots an arrow.
The arrow hits you!
You die...
Pakellas says: That's one more possible approach eliminated.

#######################
#...............@..)%.#
#.###################c# #.#
#.# ..# #§#
#####################.#####
.....................§@..>#
#.##.################.###.#
#.##.# #.# #.##.# #.#


You could see a centaur.

Vanquished Creatures
  Pikel (D:6)
  An oklob plant (D:8)
  Maurice (D:8)
  The ghost of Rationalist the Skirmisher, an amateur DsBe of Trog (D:4)
  Grinder (D:5)
  Prince Ribbit (D:6)
  Eustachio (D:4)
  A wyvern (D:8)
  Menkaure (D:6)
  Edmund (D:5)
  2 orc warriors (D:8)
  2 black bears
  2 sky beasts (D:5)
  A phantom (D:7)
  An ice beast (D:8)
  A necrophage (D:7)
  3 ogres
  2 centaurs
  2 giant frogs (D:7)
  A scorpion (D:8)
  5 wights (D:6)
  3 crimson imps
  A giant frog zombie (D:7)
  4 jellies (D:8)
  6 hounds
  2 orc wizards
  3 centaur skeletons
  4 iguanas
  3 worker ants
  10 orcs
  Robin (D:4)
  3 gnolls (D:4)
  11 adders
  16 oozes
  An adder skeleton (D:4)
  2 adder zombies (D:6)
  5 worms
  4 dart slugs
  3 giant geckos
  8 giant cockroaches
  17 goblins
  13 hobgoblins
  6 jackals
  8 kobolds
  3 quokkas
  4 ball pythons
  9 bats
  A giant cockroach zombie (D:6)
  A giant gecko zombie (D:8)
  6 giant newts
  A quokka skeleton (D:4)
  A quokka zombie (D:5)
  4 rats
196 creatures vanquished.

Vanquished Creatures (collateral kills)
  Gastronok (D:8)
  A howler monkey (D:8)
  A goblin (D:4)
  A hobgoblin (D:4)
4 creatures vanquished.

Vanquished Creatures (others)
  A howler monkey (D:8)
  A jelly (D:8)
  An orc wizard (D:5)
  An adder (D:4)
  A shadow imp (D:8)
  2 oozes (D:8)
  An orc (D:4)
  8 fungi (D:8)
16 creatures vanquished.

Grand Total: 216 creatures vanquished

Notes
Turn   | Place    | Note
--------------------------------------------------------------
     0 | D:1      | Nimbul the Kobold Artificer began the quest for the Orb.
     0 | D:1      | Reached XP level 1. HP: 12/12 MP: 3/3
   525 | D:1      | Reached XP level 2. HP: 16/16 MP: 4/4
   561 | D:1      | Reached skill level 4 in Evocations
   737 | D:1      | Reached XP level 3. HP: 10/20 MP: 6/6
  1340 | D:1      | Gained mutation: You are agile. (Dex +2) [potion of beneficial mutation]
  1404 | D:2      | Reached XP level 4. HP: 26/26 MP: 7/7
  1457 | D:2      | Found a shattered altar of Ashenzari.
  1999 | D:2      | Found a blossoming altar of Fedhas.
  1999 | D:2      | Found a bloodstained altar of Trog.
  1999 | D:2      | Found a basalt altar of Yredelemnul.
  2005 | D:2      | Found a glowing silver altar of Zin.
  2245 | D:3      | Reached skill level 1 in Slings
  2271 | D:3      | Reached XP level 5. HP: 29/31 MP: 8/8
  2696 | D:3      | Found an ancient bone altar of Kikubaaqudgha.
  3386 | D:3      | Reached XP level 6. HP: 34/37 MP: 9/9
  3605 | D:4      | Found an oddly glowing altar of Pakellas.
  3742 | D:4      | Noticed Rationalist's ghost (amateur DsBe)
  3749 | D:4      | Became a worshipper of Pakellas the Inventive
  3759 | D:4      | Found a staircase to the Ecumenical Temple.
  3774 | Temple   | Entered the Ecumenical Temple
  4138 | D:4      | Noticed Robin
  4263 | D:4      | Noticed an ogre
  4274 | D:4      | Killed an ogre
  4367 | D:4      | Reached XP level 7. HP: 41/41 MP: 10/10
  4559 | D:4      | Killed Robin
  5041 | D:4      | Noticed Eustachio
  5075 | D:4      | Killed Eustachio
  5075 | D:4      | Reached * piety under Pakellas
  5075 | D:4      | Received a gift from Pakellas
  5075 | D:4      | Reached skill level 5 in Evocations
  5153 | D:4      | Found a radiant altar of Vehumet.
  5321 | D:4      | Killed Rationalist's ghost
  5321 | D:4      | Reached skill level 5 in Short Blades
  5321 | D:4      | Reached skill level 6 in Evocations
  5321 | D:4      | Reached XP level 8. HP: 35/48 MP: 12/12
  5494 | D:5      | Entered Level 5 of the Dungeon
  5597 | D:5      | Reached skill level 5 in Slings
  5769 | D:5      | Reached skill level 7 in Evocations
  5788 | D:5      | Found a sparkling altar of Nemelex Xobeh.
  5788 | D:5      | Found an iron altar of Okawaru.
  5825 | D:5      | Found a burning altar of Makhleb.
  5825 | D:5      | Found a deep blue altar of Sif Muna.
  5969 | D:5      | Found a snail-covered altar of Cheibriados.
  6063 | D:5      | Noticed Grinder
  6094 | D:5      | Killed Grinder
  6094 | D:5      | Reached skill level 5 in Fighting
  6094 | D:5      | Reached skill level 5 in Stealth
  6255 | D:5      | Noticed Edmund
  6264 | D:5      | Killed Edmund
  6264 | D:5      | Reached XP level 9. HP: 54/54 MP: 14/14
  6600 | D:6      | Noticed Pikel
  6604 | D:6      | Killed Pikel
  6639 | D:6      | Noticed Prince Ribbit
  6650 | D:6      | Killed Prince Ribbit
  6712 | D:6      | Reached ** piety under Pakellas
  6712 | D:6      | Received a gift from Pakellas
  6733 | D:6      | Reached skill level 8 in Evocations
  6931 | D:6      | Noticed Menkaure
  7028 | D:6      | Killed Menkaure
  7217 | D:6      | Found a deep blue altar of Sif Muna.
  7265 | D:7      | Reached XP level 10. HP: 60/60 MP: 16/16
  7502 | D:7      | Found Raon's Food Shoppe.
  7765 | D:8      | Reached skill level 9 in Evocations
  8044 | D:8      | Reached *** piety under Pakellas
  8044 | D:8      | Received a gift from Pakellas
  8250 | D:8      | Noticed an oklob plant
  8362 | D:8      | Killed an oklob plant
  8511 | D:8      | Noticed Gastronok
  8518 | D:8      | Noticed Maurice
  8684 | D:8      | Killed Gastronok
  8684 | D:8      | Reached XP level 11. HP: 15/68 MP: 8/18
  8715 | D:8      | Killed Maurice
  8715 | D:8      | Reached skill level 10 in Evocations
  8716 | D:8      | Shot with an arrow by a centaur

Skill      XL: |  1  2  3  4  5  6  7  8  9 10 11 |
---------------+----------------------------------+-----
Evocations     | 4 6 7 8 9 10 | 10.0
Stealth        | 2 3 4 5 8 |  8.4
Dodging        | 3 4 |  4.2
Short Blades   | 2 3 5 6 9 |  9.4
Fighting       | 2 3 4 5 6 8 |  8.7
Slings         | 1 3 4 5 7 |  7.0

Action                   |  1- 3 |  4- 6 |  7- 9 | 10-12 || total
-------------------------+-------+-------+-------+-------++-------
Melee: Short sword       |   109 |   203 |    38 |       ||   350
       Rapier            |       |       |   115 |   156 ||   271
       Dagger            |       |       |     5 |       ||     5
 Fire: Hunting sling     |       |    59 |    90 |    31 ||   180
Throw: Stone             |     5 |     4 |     1 |     1 ||    11
Invok: Quick Charge      |       |       |       |     1 ||     1
Evoke: Wand              |     2 |    10 |    26 |    13 ||    51
       Sack of spiders   |       |       |       |     1 ||     1
  Use: Scroll            |     2 |    16 |     8 |     2 ||    28
       Potion            |     3 |     3 |     7 |       ||    13
 Stab: Sleeping          |     4 |    11 |     7 |    10 ||    32
       Distracted        |       |       |     2 |       ||     2
  Eat: Chunk             |     8 |     7 |    14 |     3 ||    32
Armor: Leather armour    |    12 |     9 |    33 |    23 ||    77
       Robe              |     5 |    16 |       |       ||    21
Dodge: Dodged            |    63 |   122 |   129 |    74 ||   388
